 Dungeon Crawl Stone Soup version 0.18-a0-741-gff759c7 (webtiles) character file.

2870 rgaf the Frost Mage (level 9, -9/40 HPs)
             Began as a Gargoyle Ice Elementalist on Dec 11, 2015.
             Was a Follower of Vehumet.
             Killed from afar by a wretched star (28 damage)
             ... with an orb of energy
             ... on level 2 of the Abyss.
             The game lasted 00:27:40 (8296 turns).

rgaf the Frost Mage (Gargoyle Ice Elementalist)     Turns: 8296, Time: 00:27:40

Health: -9/40      AC: 14    Str: 12    XL:     9   Next: 76%
Magic:  21/21      EV: 10    Int: 19    God:    Vehumet [*.....]
Gold:   460        SH:  2    Dex:  6    Spells: 4 memorised, 15 levels left

rFire  x . .     SeeInvis .     w - +0 whip (elec)
rCold  + . .     Clarity  .     x - +2 robe {MR+}
rNeg   + . .     SustAt   .     i - +0 buckler
rPois  ∞         Gourm    .     E - +2 hat
rElec  +         Spirit   .     M - +0 cloak (curse)
rCorr  +         Dismiss  .     r - +0 pair of gloves
rMut   .         Stasis   .     s - +0 pair of boots
MR     +....                    q - amulet of resist corrosion
Stlth  ++........               (no ring)
                                g - ring of ice

@: somewhat resistant to hostile enchantments, unstealthy
A: clumsy 2, deterioration 1, frail 1, negative energy resistance 1, electricity
resistance, unbreathing, petrification resistance, no device heal 1, rot
immunity, MP-powered wands, AC +5
a: Renounce Religion


You were on level 2 of the Abyss.
You worshipped Vehumet.
Vehumet was aware of your devotion.
You were hungry.

You visited 2 branches of the dungeon, and saw 9 of its levels.
You visited the Abyss 1 time.

You collected 460 gold pieces.

Inventory:

Hand Weapons
 o - a +0 flail
 w - a +0 whip of electrocution (weapon)
Missiles
 y - 8 javelins of returning (quivered)
Armour
 i - a +0 buckler (worn)
 r - a +0 pair of gloves (worn)
 s - a +0 pair of boots (worn)
 x - a +2 robe of magic resistance (worn)
 E - a +2 hat (worn)
 K - a +0 ice dragon armour
 M - a cursed +0 cloak (worn)
Jewellery
 g - a ring of ice (left hand)
 q - an amulet of resist corrosion (around neck)
Wands
 t - a wand of frost (21)
Scrolls
 a - 3 scrolls of recharging {unknown}
 d - 5 scrolls of remove curse
 j - 6 scrolls of identify
 k - a scroll of magic mapping {unknown}
 m - a scroll of enchant armour {unknown}
 v - a scroll of vulnerability {unknown}
 C - a scroll of immolation {unknown}
 D - a scroll of fog {unknown}
 F - 3 scrolls of amnesia {unknown}
Potions
 e - a potion of brilliance {unknown}
 f - 2 potions of lignification
 l - a potion of degeneration {unknown}
 n - a potion of cure mutation {unknown}
 u - a potion of flight {unknown}
 z - a potion of poison {unknown}
 A - a potion of agility {unknown}
 G - a potion of cancellation {unknown}
 H - a potion of might {unknown}
 I - a potion of haste {unknown}
Books
 b - a book of Frost

   Spells                             Type                      Level
   a - Freeze                         Ice                          1
   b - Throw Frost                    Conjuration/Ice              2
   c - Ozocubu's Armour               Charms/Ice                   3
   d - Throw Icicle                   Conjuration/Ice              4
   e - Summon Ice Beast               Ice/Summoning                4
   f - Condensation Shield            Ice                          4
Comestibles
 c - 3 bread rations
 h - 8 meat rations
 p - 2 beef jerkies
 B - 8 fruits


   Skills:
 - Level 1.5 Dodging
 - Level 2.1 Stealth
 + Level 8.9 Spellcasting
 - Level 1.1 Conjurations
 + Level 9.7 Ice Magic


You had 15 spell levels left.
You knew the following spells:

 Your Spells              Type           Power        Failure   Level  Hunger
a - Freeze                Ice            ####         1%          1    None
b - Throw Frost           Conj/Ice       #####.       2%          2    None
c - Ozocubu's Armour      Chrm/Ice       #####...     8%          3    None
d - Throw Icicle          Conj/Ice       #####...     17%         4    ###....


Dungeon Overview and Level Annotations

Branches:
Dungeon (8/15)             Temple (1/1) D:6
   Lair: D:8-11

Altars:
Ashenzari
Cheibriados
Dithmenos
Elyvilon
Fedhas
Gozag
Kikubaaqudgha
Makhleb
Nemelex Xobeh
Okawaru
Pakellas
Qazlal
Ru
Sif Muna
Trog
Vehumet
Xom
Yredelemnul
Zin
The Shining One

Shops:
D:6 =

Annotations:
D:8 Psyche


Innate Abilities, Weirdness & Mutations

You are resistant to torment.
Your stone body is resilient (AC +5).
You are immune to poison.
You resist negative energy.
You are resistant to electric shocks.
You can survive without breathing.
You are immune to petrification.
You are immune to rotting.
[You are very clumsy. (Dex -4)]
[Your body sometimes deteriorates upon taking damage.]
[You are frail (-10% HP).]
[Potions and wands are less effective at restoring your health.]
[You expend magic power (3 MP) to strengthen your wands.]


Message History

The orb of energy misses you.
The orb of energy explodes!
The wretched star glows turbulently.
The orb of energy hits you!
Ouch! That really hurt!
The wretched star pulses with an eldritch light!
You feel clumsy.
You feel your magical essence link to your wands.
You feel frail.
You are feeling hungry.
Read which item? (? for menu, Esc to quit)
Okay, then.
The wretched star pulses with an eldritch light!
Your system partially rejects artificial healing.
You feel clumsy.
You feel yourself wasting away.
An iron imp comes into view.
The iron imp shouts!
The wretched star glows turbulently.
The orb of energy hits you!
Ouch! That really hurt!
You die...

.#.####.# ..#
...###.#..# . #..
# #..##..### ....
#.#.#..#.## .#..
.# #........#....
#..#.....#..#.#
##..##...*##..# .
.#. #..V...#. .#
.#.5#..#@.#
#####..#..##....#
.5 ..... ##.##
.#........ # .
###...###. .....
..##.


You could see a wretched star and a vampire.

Vanquished Creatures
  Pikel (D:4)
  A troll (D:7)
  Eustachio (D:4)
  Menkaure (D:7)
  4 ice beasts
  4 ogres
  A centaur (D:6)
  5 giant frogs (D:6)
  2 iguanas
  A centaur zombie (D:7)
  A jelly (D:5)
  2 crimson imps
  4 orc wizards
  A hound (D:7)
  2 orc priests
  Crazy Yiuf (D:7)
  Jessica (D:3)
  Natasha (twice) (D:4)
  4 worker ants
  A hound zombie (D:6)
  Robin (D:3)
  13 adders
  7 gnolls
  An ooze (D:2)
  3 worms (D:2)
  12 orcs
  10 giant cockroaches
  16 goblins
  8 hobgoblins
  16 jackals
  5 kobolds
  4 quokkas
  2 ball pythons
  4 bats
  10 giant geckos
  A giant gecko skeleton (D:4)
  A giant gecko zombie (D:7)
  2 giant newts (D:3)
  7 rats
  A fungus (D:7)
164 creatures vanquished.

Vanquished Creatures (others)
  A slave (D:4)
  An orc priest (D:4)
  An ooze (D:4)
  Natasha (D:4)
4 creatures vanquished.

Grand Total: 168 creatures vanquished

Notes
Turn   | Place    | Note
--------------------------------------------------------------
     0 | D:1      | rgaf the Gargoyle Ice Elementalist began the quest for the Orb.
     0 | D:1      | Reached XP level 1. HP: 10/10 MP: 3/3
   558 | D:1      | Found a shattered altar of Ashenzari.
   576 | D:1      | Reached XP level 2. HP: 15/15 MP: 1/5
   877 | D:2      | Learned a level 2 spell: Throw Frost
  1125 | D:2      | Reached XP level 3. HP: 19/19 MP: 2/7
  1482 | D:2      | Reached XP level 4. HP: 15/24 MP: 4/8
  1561 | D:2      | Reached skill level 4 in Ice Magic
  2035 | D:2      | Reached XP level 5. HP: 17/28 MP: 0/10
  2657 | D:3      | Noticed Robin
  2661 | D:3      | Killed Robin
  3029 | D:3      | Found a bloodstained altar of Trog.
  3427 | D:3      | Noticed Jessica
  3439 | D:3      | Killed Jessica
  3439 | D:3      | Reached skill level 5 in Ice Magic
  3439 | D:3      | Reached XP level 6. HP: 27/32 MP: 10/12
  3803 | D:4      | Noticed Eustachio
  3914 | D:4      | Killed Eustachio
  3977 | D:4      | Noticed Natasha
  4066 | D:4      | Noticed Pikel
  4079 | D:5      | Entered Level 5 of the Dungeon
  4139 | D:4      | Killed Natasha
  4139 | D:4      | Reached skill level 5 in Spellcasting
  4139 | D:4      | Reached XP level 7. HP: 36/36 MP: 6/14
  4249 | D:4      | Killed Pikel
  4249 | D:4      | Reached skill level 6 in Spellcasting
  4249 | D:4      | Reached XP level 8. HP: 41/41 MP: 5/17
  4440 | D:4      | Reached skill level 7 in Ice Magic
  4510 | D:4      | Noticed Natasha
  4510 | D:4      | Killed Natasha
  4515 | D:4      | Killed Natasha
  5189 | D:5      | Found a snail-covered altar of Cheibriados.
  5190 | D:5      | Found an iron altar of Okawaru.
  5353 | D:5      | Learned a level 3 spell: Ozocubu's Armour
  5682 | D:6      | Reached skill level 8 in Ice Magic
  6001 | D:6      | Found a staircase to the Ecumenical Temple.
  6018 | Temple   | Entered the Ecumenical Temple
  6104 | Temple   | Became a worshipper of Vehumet
  6141 | D:6      | Reached XP level 9. HP: 45/45 MP: 7/20
  6324 | D:6      | Found Masyqy's Jewellery Shoppe.
  6637 | D:6      | Reached skill level 9 in Ice Magic
  6687 | D:7      | Noticed Menkaure
  7220 | D:7      | Learned a level 4 spell: Throw Icicle
  7643 | D:7      | Killed Menkaure
  7747 | D:7      | Reached * piety under Vehumet
  7747 | D:7      | Offered knowledge of Flame Tongue by Vehumet.
  8106 | D:7      | Noticed Crazy Yiuf
  8112 | D:7      | Killed Crazy Yiuf
  8155 | D:8      | Noticed Psyche
  8178 | D:8      | Cast into level 2 of the Abyss (Psyche)
  8178 | Abyss:2  | Found a corrupted altar of Lugonu.
  8236 | Abyss:2  | Noticed a wretched star
  8296 | Abyss:2  | Killed from afar by a wretched star

Vault maps used:
D:1:      minmay_arrival_checkered_box, nicolae_ashenzari_panopticon
D:3:      trog_three_pillars_becter, uniq_robin, uniq_jessica
D:4:      first_bread, uniq_eustachio, uniq_natasha, uniq_pikel
D:5:      gammafunk_temple_overflow_pools
D:6:      minmay_temple_entry_statues_fountains, serial_shops,
          nicolae_shop_stone
D:7:      uniq_menkaure, uniq_crazy_yiuf_cottage
D:8:      david_lair_generic, basic_altar, uniq_psyche, uniq_grum, uniq_maurice
Temple:   grunt_circular_temple_18

Action                   |  1- 3 |  4- 6 |  7- 9 || total
-------------------------+-------+-------+-------++-------
Melee: Unarmed           |     1 |       |       ||     1
       Club              |     9 |    26 |       ||    35
       Flail             |       |    32 |     1 ||    33
       Whip              |       |       |    94 ||    94
 Cast: Freeze            |    43 |   133 |    97 ||   273
       Throw Frost       |     1 |     8 |    64 ||    73
       Ozocubu's Armour  |       |       |     5 ||     5
       Throw Icicle      |       |       |     3 ||     3
  Use: Scroll            |       |     4 |     1 ||     5
       Potion            |       |     3 |     1 ||     4
 Stab: Sleeping          |       |     1 |     1 ||     2
  Eat: Bread ration      |       |     1 |       ||     1
       Chunk             |       |     4 |    12 ||    16
       Beef jerky        |       |     1 |       ||     1
       Pizza             |       |       |     1 ||     1
